 Dungeon Crawl Stone Soup version 0.28-a0-1415-g7c84da036a (webtiles) character file.

Game seed: 16839710192853046769

44 parzival7114810 the Poker (level 3, -2/19 (21) HPs)
             Began as a Tengu Gladiator on Jan 7, 2022.
             Slain by a hobgoblin (7 damage)
             ... on level 2 of the Dungeon.
             The game lasted 00:06:28 (2782 turns).

parzival7114810 the Poker (Tengu Gladiator)         Turns: 2782, Time: 00:06:29

HP:   -2/19 (21)    AC:  8    Str: 16    XL:     3   Next: 60%
MP:   4/4           EV:  8    Int:  8    God:
Gold: 27            SH:  0    Dex: 15    Spells: 2/2 levels left

rFire   . . .      SeeInvis .   a - +1 trident
rCold   . . .      Faith    .   (no shield)
rNeg    . . .      Spirit   .   g - +0 chain mail
rPois   .          Reflect  .   c - +0 hat
rElec   .          Harm     .   (no cloak)
rCorr   .          Rampage  .   (no gloves)
Will    .....                   (boots unavailable)
Stlth   ..........              (no amulet)
HPRegen 0.06/turn               (no ring)
MPRegen 0.09/turn               (no ring)

@: drained
A: beak, talons 3
a: no special abilities


You were on level 2 of the Dungeon.
You visited 1 branch of the dungeon, and saw 3 of its levels.

You collected 27 gold pieces.

Inventory:

Hand Weapons
 a - a +1 trident (weapon)
Missiles
 d - 3 throwing nets (quivered)
 e - 65 stones
 f - 16 bolts
Armour
 b - a +0 leather armour
 c - a +0 hat (worn)
 g - a +0 chain mail (worn)
Potions
 i - a potion of mutation {unknown}


   Skills:
 + Level 2.1 Fighting
 + Level 4.1 Polearms
 + Level 2.1 Throwing
 + Level 0.8 Armour
 + Level 3.8 Dodging
 + Level 0.3 Stealth


You had 2 spell levels left.
You didn't know any spells.
Your spell library was empty.

Dungeon Overview and Level Annotations

Branches:
Dungeon (3/15)

Altars:

Shops:
D:3 !


Innate Abilities, Weirdness & Mutations

You have a beak for a mouth.
You have claws for feet.


Message History

You barely miss the rat. You claw the rat, but do no damage.
The rat bites you but does no damage.
You puncture the rat!
You kill the rat!
You see here a rat corpse.
Found an escape hatch in the floor.
A frilled lizard comes into view.
The frilled lizard hisses angrily.
A giant cockroach comes into view.
You barely miss the frilled lizard. You claw the frilled lizard.
You kill the frilled lizard!
A hobgoblin comes into view.
It is wielding the +7 Throatcutter {drain, coup de grace}.
The giant cockroach misses you.
The giant cockroach bites you but does no damage.
The giant cockroach bites you but does no damage.
The giant cockroach closely misses you.
You puncture the giant cockroach!
You kill the giant cockroach!
The hobgoblin shouts!
A kobold comes into view. It is wielding a +0 whip.
The kobold shouts!
You hit the hobgoblin but do no damage.
You peck the hobgoblin, but do no damage.
The kobold throws a stone.
The stone hits you but does no damage.
The hobgoblin hits you with the +7 Throatcutter {drain, coup de grace}!
You feel drained.
You hit the hobgoblin.
The hobgoblin is moderately wounded.
The hobgoblin barely misses you.
The kobold throws a stone.
The stone closely misses you.
You hit the hobgoblin but do no damage.
The hobgoblin is moderately wounded.
The kobold throws a stone.
The stone hits you but does no damage.
The hobgoblin hits you with the +7 Throatcutter {drain, coup de grace}.
* * * LOW HITPOINT WARNING * * *
You feel drained.
* * * LOW HITPOINT WARNING * * *
The kobold throws a stone.
The stone closely misses you.
The hobgoblin hits you with the +7 Throatcutter {drain, coup de grace}!
You die...

... #..#.# ...####..#. . #. .
......#...##.# ..... ..#.#....#.#
#..#.. ...........# #.....
#.#........## #
#.#.###.#.........# #
#.###.......#g...>....# #.
.............@......## #.. #
#.......###.......# ###...## #.
#.......###.......K.......†.
###.##...........................
.............###.................
.##.#.†......# #.......#####...##
. #........# ###....## #... .
#.######## .#### #... .####.## .#
#..


You could see a hobgoblin and a kobold.

Vanquished Creatures
  3 dart slugs
  An orc (D:3)
  3 endoplasms
  3 giant cockroaches
  6 goblins
  3 hobgoblins (D:1)
  A quokka (D:3)
  4 ball pythons
  4 bats
  2 frilled lizards
  3 kobolds
  A rat (D:2)
34 creatures vanquished.

Notes
Turn   | Place    | Note
-------+----------+-------------------------------------------
     0 | D:1      | parzival7114810 the Tengu Gladiator began the quest for the
                  | Orb.
     0 | D:1      | Reached XP level 1. HP: 12/12 MP: 2/2
   627 | D:1      | Reached XP level 2. HP: 10/17 MP: 3/3
  1661 | D:2      | Reached XP level 3. HP: 20/21 MP: 4/4
  2100 | D:3      | Found Docucef's Distillery.
  2125 | D:3      | Reached skill level 4 in Polearms
  2782 | D:2      | Slain by a hobgoblin

Illustrated notes

Levels and vault maps discovered:
D:1:      ncdulo_watergridlock, layout_rooms,
          hellmonk_ecumenical_altar_leap_of_faith, skrybe_limestone_x
D:2:      layout_loops_cross
D:3:      layout_rooms, xom_confusion_cloud, cheibriados_altar_1, serial_shops,
          shop_statue, nicolae_shop_statue_plus, shop, minmay_circle_x,
          uniq_jessica

Skill      XL: |  1  2  3 |
---------------+----------+-----
Polearms       | 4 |  4.1
Fighting       | |  2.1
Throwing       | |  2.1
Armour         | |  0.8
Dodging        | |  3.8
Stealth        | |  0.3

Action                   || total
-------------------------++-------
Melee: Trident           ||    83
       Peck              ||    11
       Kick              ||    18
  Use: Scroll            ||     4
       Potion            ||     2
Armor: Leather armour    ||    25
       Chain mail        ||    12
Dodge: Dodged            ||   112

Table legend: (Time is in decaauts)
 A = Elapsed time spent in this place.
 B = Non-inter-level travel time spent in this place.
 C = Inter-level travel time spent in this place.
 D = Time resting spent in this place.
 E = Time spent auto-exploring this place.
 F = Levels seen in this place.
 G = Mean time per level.
                   A        B        C        D        E       F      G
               +--------+--------+--------+--------+--------+-----+--------+
         Total |   2796 |   2794 |      2 |   2026 |      3 |   3 |  932.0 |
       Dungeon |   2796 |   2794 |      2 |   2026 |      3 |   3 |  932.0 |
               +--------+--------+--------+--------+--------+-----+--------+

Top non-repeatable levels by time:
     D:1: 1409 daAuts
     D:2: 727 daAuts
     D:3: 659 daAuts
